 Dungeon Crawl Stone Soup version 0.20-a0-1121-gbb42413 (webtiles) character file.

123 MatthieuS the Poker (level 5, -4/41 HPs)
             Began as a Merfolk Gladiator on May 10, 2017.
             Was an Initiate of Qazlal.
             Slain by Sigmund
             ... wielding a +0 scythe
              (10 damage)
             ... on level 3 of the Dungeon.
             The game lasted 00:06:10 (2316 turns).

MatthieuS the Poker (Merfolk Gladiator)             Turns: 2316, Time: 00:06:10

Health: -4/41      AC:  4    Str: 16    XL:     5   Next: 7%
Magic:  5/5        EV: 14    Int:  7    God:    Qazlal [......]
Gold:   54         SH:  0    Dex: 17    Spells: 4/4 levels left

rFire    . . .     SeeInvis .   a - +1 trident
rCold    . . .     Gourm    .   (no shield)
rNeg     . . .     Faith    .   b - +0 leather armour
rPois    .         Spirit   .   c - +0 helmet
rElec    .         Reflect  .   (no cloak)
rCorr    .         Harm     .   (no gloves)
MR       .....                  (no boots)
Stlth    +.........             (no amulet)
Regen    0.2/turn               (no ring)
MPRegen  0.1/turn               (no ring)

@: no status effects
A: change form in water, swift swim, stealthy swim, blink, strong 1
a: Blink, Renounce Religion


You were on level 3 of the Dungeon.
You worshipped Qazlal.
Qazlal was noncommittal.
You were not hungry.

You visited 1 branch of the dungeon, and saw 3 of its levels.

You collected 54 gold pieces.

Inventory:

Hand Weapons
 a - a +1 trident (weapon)
Missiles
 d - 3 throwing nets (quivered)
Armour
 b - a +0 leather armour (worn)
 c - a +0 helmet (worn)
Scrolls
 i - a scroll of fear {unknown}
 k - a scroll of random uselessness {unknown}
 l - a scroll of recharging {unknown}
 m - a scroll of amnesia {unknown}
Potions
 h - 2 potions of flight
 j - a potion of brilliance {unknown}
Comestibles
 f - a bread ration
 g - 5 chunks of flesh
 o - a meat ration


   Skills:
 + Level 3.4 Fighting
 * Level 7.2 Polearms
 - Level 2.0 Throwing
 - Level 4.0 Dodging


You had 4 spell levels left.
You didn't know any spells.

Dungeon Overview and Level Annotations

Branches:
Dungeon (3/15)

Altars:
Qazlal

Annotations:
D:3 Sigmund


Innate Abilities, Weirdness & Mutations

You revert to your normal form in water.
You are very nimble and swift while swimming.
You are very stealthy in the water. (Stealth+)
You can translocate small distances at will.
Your muscles are strong. (Str +2)


Message History

You closely miss the jackal.
The jackal is heavily wounded.
The jackal bites you. Something barely misses you.
You closely miss the jackal.
The jackal is heavily wounded.
The jackal misses you. The jackal completely misses you.
You hit the jackal.
You kill the jackal!
Qazlal accepts your kill.
A magic dart appears from out of thin air!
The magic dart hits you! Something hits you!
You see here a jackal corpse.
You completely miss something. Something hits you!
You barely miss something. You barely miss something. Something hits you!
* * * LOW HITPOINT WARNING * * *
You miss something. You miss something. Something hits you!
You die...

## #. ### #.
... #.# #.#
#.###.######
#...@.......
#..###.#####
#......#
##.....#
##......#
##.......#
#........#
#........#
#.#......#


There were no monsters in sight!

Vanquished Creatures
  The ghost of chickenpie the Skirmisher, a weakling DsAK of Lugonu (D:3)
  An adder (D:2)
  An ooze (D:1)
  2 worms
  4 dart slugs
  A leopard gecko (D:2)
  A ball python (D:2)
  4 giant cockroaches (D:1)
  9 goblins
  A hobgoblin (D:2)
  6 jackals (D:3)
  A quokka (D:2)
  4 bats
  3 frilled lizards
  7 kobolds
  7 rats
53 creatures vanquished.

Notes
Turn   | Place    | Note
-------+----------+-------------------------------------------
     0 | D:1      | MatthieuS the Merfolk Gladiator began the quest for the Orb.
     0 | D:1      | Reached XP level 1. HP: 16/16 MP: 1/1
   119 | D:1      | Reached skill level 5 in Polearms
   124 | D:1      | Reached XP level 2. HP: 16/22 MP: 2/2
   737 | D:1      | Reached XP level 3. HP: 22/28 MP: 3/3
  1145 | D:2      | Reached skill level 6 in Polearms
  1393 | D:2      | Reached XP level 4. HP: 34/34 MP: 4/4
  1649 | D:2      | Found a stormy altar of Qazlal.
  1746 | D:2      | Became a worshipper of Qazlal Stormbringer
  1793 | D:3      | Noticed chickenpie's ghost (weakling DsAK)
  1799 | D:3      | Gained mutation: You can translocate small distances at will. [potion of mutation]
  1799 | D:3      | Gained mutation: You are frail. (-10% HP) [potion of mutation]
  1799 | D:3      | Lost mutation: You are frail. (-10% HP) [potion of mutation]
  1799 | D:3      | Gained mutation: Your muscles are strong. (Str +2) [potion of mutation]
  1813 | D:3      | HP: 1/35 [chickenpie's ghost (9)]
  1815 | D:3      | Killed chickenpie's ghost
  1815 | D:3      | Reached skill level 7 in Polearms
  2209 | D:3      | Reached XP level 5. HP: 40/41 MP: 5/5
  2298 | D:3      | Noticed Sigmund
  2316 | D:3      | Slain by Sigmund

Vault maps used:
D:1:      minmay_arrival_solitary_statue, minmay_misc_feat_four_crosses,
          minivault_19, minmay_pentomino_v2
D:2:      wad_pebble_path, grunt_qazlal_clouds, minivault_24
D:3:      bloody_makhleb, uniq_sigmund, uniq_terence, uniq_crazy_yiuf_cottage

Skill      XL: |  1  2  3  4 |
---------------+-------------+-----
Polearms       | 5 6 7 |  7.2
Fighting       | 3 |  3.4
Throwing       | |  2.0
Dodging        | |  4.0

Action                   |  1- 3 |  4- 6 || total
-------------------------+-------+-------++-------
Melee: Trident           |   118 |    88 ||   206
  Use: Potion            |       |     3 ||     3
       Scroll            |       |     1 ||     1
 Stab: Sleeping          |     3 |     1 ||     4
  Eat: Chunk             |     1 |     4 ||     5
Armor: Leather armour    |    18 |    21 ||    39
Dodge: Dodged            |    76 |    43 ||   119
